 Dungeon Crawl Stone Soup version 0.24.0-13-gcf9b319 (webtiles) character file.

Game seed: 2732176693555895833, levelgen mode: deterministic

826 suicidejoker the Chopper (level 7, -1/66 HPs)
             Began as a Deep Dwarf Fighter on Jan 10, 2020.
             Killed by divine providence
             ... invoked by an orc priest
              (9 damage)
             ... on level 6 of the Dungeon on Jan 24, 2020.
             The game lasted 00:13:11 (3621 turns).

suicidejoker the Chopper (Deep Dwarf Fighter)       Turns: 3621, Time: 00:13:12

Health: -1/66      AC: 16    Str: 20    XL:     7   Next: 64%
Magic:  7/7        EV:  7    Int:  8    God:
Gold:   256        SH: 10    Dex: 16    Spells: 6/6 levels left

rFire    . . .     SeeInvis .   a - +0 war axe
rCold    . . .     Gourm    .   c - +0 shield
rNeg     . . .     Faith    .   s - +6 scale mail of Insecurity {rCorr}
rPois    .         Spirit   .   (no helmet)
rElec    .         Reflect  .   d - +2 cloak
rCorr    +         Harm     .   (no gloves)
MR       +....                  (no boots)
Stlth    ..........             (no amulet)
HPRegen  0.00/turn              h - +2 ring of dexterity
MPRegen  0.10/turn              (no ring)

@: non-regenerating
A: damage resistance, heal wounds, sense surroundings 1, no regeneration
a: Heal Wounds


You were on level 6 of the Dungeon.
You were hungry.

You visited 1 branch of the dungeon, and saw 6 of its levels.

You collected 256 gold pieces.

Inventory:

Hand Weapons
 a - a +0 war axe (weapon)
 b - a +0 hunting sling
Missiles
 j - 95 stones (quivered)
 k - 12 poisoned darts
 n - 22 sling bullets
Armour
 c - a +0 shield (worn)
 d - a +2 cloak (worn)
 s - the +6 scale mail of Insecurity (worn) {rCorr}
   (You found it on level 6 of the Dungeon)

   It provides partial protection from all sources of acid and corrosion.
Jewellery
 h - a +2 ring of dexterity (left hand)
Scrolls
 g - 2 scrolls of magic mapping
 i - 3 scrolls of remove curse
 l - a scroll of random uselessness
 q - a scroll of enchant armour
Potions
 p - 2 potions of haste {unknown}
 r - 2 potions of curing {unknown}
Comestibles
 f - 7 rations


   Skills:
 + Level 4.3 Fighting
 * Level 6.4 Axes
 + Level 5.3 Armour
 + Level 5.3 Shields


You had 6 spell levels left.
You didn't know any spells.
Your spell library contained the following spells:

 Spells                   Type           Power        Failure   Level  Hunger
 Magic Dart               Conj           #...         99%         1    ##.....
 Blink                    Tloc           N/A          99%         2    ###....
 Call Imp                 Summ           #.......     99%         2    ###....
 Slow                     Hex            #.......     99%         2    ###....
 Conjure Flame            Conj/Fire      #.......     100%        3    ####...
 Mephitic Cloud           Conj/Pois/Air  #.......     100%        3    ####...


Dungeon Overview and Level Annotations

Branches:
Dungeon (5/15)
 Temple: D:4-7

Altars:
Ashenzari
Cheibriados
Dithmenos
Kikubaaqudgha
Makhleb
Nemelex Xobeh
Uskayaw
Wu Jian
The Shining One

Annotations:
D:3 1 runed translucent door
D:6 2 transporters


Innate Abilities, Weirdness & Mutations

You are resistant to damage.
You can heal yourself by infusing magical energy.
You passively map a small area around you.
You do not regenerate.


Message History

An orc warrior comes into view. It is wielding a +0 long sword.
The orc warrior shouts!
You hear a shout!
The orc priest mumbles some strange prayers to Beogh against you.
You resist with significant effort.
An orc comes into view. It is wielding a +0 war axe.
You hit the orc priest.
The orc priest is lightly wounded.
You block the orc priest's attack.
Your scale mail of Insecurity prevents you from hitting the orc priest.
The orc priest is lightly wounded.
The orc priest closely misses you.
You hit the orc priest.
The orc priest is moderately wounded.
The orc priest hits you but does no damage.
You hit the orc priest but do no damage.
The orc priest is moderately wounded.
You hit the orc warrior but do no damage.
The orc priest mumbles some strange prayers to Beogh against you.
Beogh smites you!
You die...

.....8##.###+## #.#
.......#.# #.####*
#.# ..©....#.#
#.#.., * #.#
.......#.###.#.# #.#
.......#..#....###
#.#
...?...#.........#
##* #.#
.......#..#....#. ..
..#
[[$?[..#.###<#.###.#
** $.9H$8##.#
#.#..@oo# #######..#
#.####### ..©.....##
#.# #...##### #.#
##.## #.# ##### #..#
#.# ##...## #.##
#.###.###.## #.#
##.##.#####.# #.#
#........##.#######


You could see an orc warrior and an orc priest.

Vanquished Creatures
  An ogre (D:4)
  2 centaurs (D:6)
  A scorpion (D:6)
  A howler monkey (D:4)
  A crimson imp (D:6)
  A jelly (D:5)
  Crazy Yiuf (D:2)
  3 hounds (D:4)
  An orc wizard (D:4)
  3 worker ants
  The ghost of Cheops the Firebug, a weakling DEFE of Ru (D:4)
  6 adders
  A shadow imp (D:5)
  An ooze (D:2)
  An adder skeleton (D:4)
  5 worms
  5 dart slugs
  4 leopard geckos
  9 orcs
  A ball python (D:4)
  6 giant cockroaches
  15 hobgoblins
  5 jackals
  4 kobolds
  2 quokkas (D:4)
  7 bats
  6 frilled lizards
  4 goblins
  8 rats
106 creatures vanquished.

Notes
Turn   | Place    | Note
-------+----------+-------------------------------------------
     0 | D:1      | suicidejoker the Deep Dwarf Fighter began the quest for the
                  | Orb.
     0 | D:1      | Reached XP level 1. HP: 20/20 MP: 1/1
   165 | D:1      | Reached XP level 2. HP: 27/27 MP: 2/2
   516 | D:1      | Reached skill level 3 in Axes
   529 | D:1      | Reached XP level 3. HP: 30/33 MP: 3/3
  1072 | D:2      | Reached XP level 4. HP: 36/42 MP: 4/4
  1127 | D:2      | Found a runed translucent door.
  1128 | D:2      | Noticed Crazy Yiuf
  1624 | D:2      | HP: 1/42 [Crazy Yiuf/+4 quarterstaff of chaos (17)]
  1627 | D:2      | Killed Crazy Yiuf
  1853 | D:3      | Reached skill level 4 in Axes
  1866 | D:3      | Found a glowing golden altar of the Shining One.
  1866 | D:3      | Found a runed translucent door.
  1866 | D:3      | Noticed an angel
  1986 | D:3      | Reached XP level 5. HP: 26/49 MP: 5/5
  2335 | D:3      | Found a hide-covered altar of Uskayaw.
  2335 | D:3      | Found an ancient bone altar of Kikubaaqudgha.
  2478 | D:4      | Noticed an ogre
  2487 | D:4      | Killed an ogre
  2487 | D:4      | Reached XP level 6. HP: 48/56 MP: 6/6
  2584 | D:4      | Reached skill level 5 in Axes
  2636 | D:4      | Found a sparkling altar of Nemelex Xobeh.
  2834 | D:4      | Found a runed translucent gate.
  2834 | D:4      | Found a runed translucent gate.
  2834 | D:4      | Found a runed translucent gate.
  2835 | D:4      | Noticed Cheops's ghost (weakling DEFE)
  2879 | D:4      | Found a shadowy altar of Dithmenos.
  3008 | D:4      | Killed Cheops's ghost
  3063 | D:5      | Entered Level 5 of the Dungeon
  3116 | D:5      | Reached XP level 7. HP: 37/64 MP: 7/7
  3130 | D:5      | Found a shattered altar of Ashenzari.
  3190 | D:5      | Found a snail-covered altar of Cheibriados.
  3270 | D:5      | You fall into a shaft and drop 1 floor!
  3283 | D:6      | Found a transporter.
  3296 | D:6      | Reached skill level 6 in Axes
  3296 | D:6      | Reached skill level 5 in Armour
  3296 | D:6      | Reached skill level 5 in Shields
  3401 | D:6      | Found a transporter.
  3401 | D:6      | Noticed a troll
  3402 | D:6      | Noticed a gargoyle
  3402 | D:6      | Noticed a hippogriff
  3409 | D:6      | Found an ornate altar of the Wu Jian Council.
  3504 | D:6      | Found a burning altar of Makhleb.
  3508 | D:6      | Got a shimmering scale mail
  3519 | D:6      | Identified the +6 scale mail of Insecurity {rCorr} (You
                  | found it on level 6 of the Dungeon)
  3561 | D:6      | HP: 1/64 [centaur/arrow (7)]
  3621 | D:6      | Killed from afar by an orc priest

Levels and vault maps discovered:
D:1:      scummos_arrival_gate, layout_loops_ring
D:2:      layout_basic, uniq_crazy_yiuf_cottage
D:3:      layout_loops_ring, gammafunk_temple_overflow_pools, first_ration,
          lemuel_angel_altar
D:4:      layout_rooms, nicolae_overflow_hidden_temple, kennysheep_little_box,
          ebering_ghost_rock_garden, serial_bayou_pond_e
D:5:      layout_basic, lemuel_crystal_altar, cheibriados_altar_1,
          nicolae_ashenzari_panopticon, minmay_temple_entry_butterflies,
          enter_ossuary_4, kennysheep_generic_room_16
D:6:      layout_loops_corners, gammafunk_temple_overflow_arena,
          nicolae_overflow_crystal_walls, minivault_1, minmay_shop_damaged

Skill      XL: |  1  2  3  4  5  6  7 |
---------------+----------------------+-----
Axes           | 3 4 5 6 |  6.4
Fighting       | 3 4 |  4.3
Shields        | 4 5 |  5.3
Armour         | 4 5 |  5.3

Action                   |  1- 3 |  4- 6 |  7- 9 || total
-------------------------+-------+-------+-------++-------
Melee: War axe           |    68 |   101 |    48 ||   217
 Fire: Hunting sling     |    81 |    97 |    16 ||   194
 Abil: Heal Wounds       |       |     1 |       ||     1
  Use: Potion            |       |     3 |     1 ||     4
       Scroll            |       |     5 |     1 ||     6
  Eat: Chunk             |     1 |     5 |     2 ||     8
Armor: Scale mail        |    36 |    38 |    25 ||    99
Dodge: Dodged            |    19 |    33 |    13 ||    65
Block: Shield            |    43 |    64 |    35 ||   142
